 Dungeon Crawl Stone Soup version 0.30-a0-862-g1aabd4f9c5 (webtiles) character file.

Game seed: 2406967890277406282

1 qeuew the Covered (level 1, 0/18 HPs)
             Began as a Barachi Fighter on Mar 8, 2023.
             Slain by a kobold
             ... wielding a +0 short sword of venom
              (3 damage)
             ... on level 1 of the Dungeon.
             The game lasted 00:00:16 (51 turns).

qeuew the Covered (Barachi Fighter)                   Turns: 51, Time: 00:00:16

Health: 0/18       AC:  6    Str: 17    XL:     1   Next: 20%
Magic:  1/1        EV:  9    Int:  8    God:
Gold:   0          SH:  4    Dex: 11    Spells: 0/0 levels left

rFire   . . .      SeeInvis .    a - +0 flail
rCold   . . .      Faith    .    c - +0 buckler
rNeg    . . .      Spirit   .    b - +0 scale mail
rPois   .          Reflect  .    (no helmet)
rElec   .          Rampage  .    (no cloak)
rCorr   .                        (no gloves)
Will    .....                    (no boots) Stlth
                                 (no amulet)
HPRegen 0.23/turn                (no ring)
MPRegen 0.07/turn                (no ring)

@: lethally poisoned (0 -> -17), unable to hop, hasted, very quick
A: amphibious, slowness 1, strong legs 1, +LOS
a: Hop


You were on level 1 of the Dungeon.
You visited 1 branch of the dungeon, and saw 1 of its levels.

Inventory:

Hand Weapons
 a - a +0 flail (weapon)
Armour
 b - a +0 scale mail (worn)
 c - a +0 buckler (worn)
Potions
 d - a potion of might


   Skills:
 + Level 3.6 Fighting
 * Level 2.2 Maces & Flails
 * Level 3.6 Armour
 + Level 0.0 Dodging
 + Level 3.3 Shields


You couldn't memorise any spells.
You didn't know any spells.
Your spell library was empty.

Dungeon Overview and Level Annotations

Branches:
Dungeon (1/15)

Altars:


Innate Abilities, Weirdness & Mutations

You are amphibious.
You cover ground slowly.
You can hop short distances.
You have an extended range of vision and can be seen from far away.


Message History

The hobgoblin shouts!
A hobgoblin is nearby!
A hobgoblin is nearby!
The hobgoblin completely misses you.
You thump the hobgoblin!
You kill the hobgoblin!
No target in view!
No target in view!
No target in view!
No target in view!
No target in view!
You see here a hobgoblin corpse.
e - a metallic inky potion
Found 4 stones.
A kobold comes into view.
It is wielding a +0 short sword of venom.
The kobold shouts!
You see here a scroll labelled VAQA IRULAICZO.
The kobold hits you with a +0 short sword of venom.
You are poisoned.
You hit the kobold but do no damage.
You feel very sick.
The kobold hits you with a +0 short sword of venom.
You are lethally poisoned!
You barely miss the kobold.
You feel very sick.
The kobold hits you with a +0 short sword of venom.
You are more poisoned.
The kobold hits you but does no damage.
You are too injured to fight recklessly!
You are too injured to fight recklessly!
You are too injured to fight recklessly!
You are too injured to fight recklessly!
There is a lethal amount of poison in your body!
There is a lethal amount of poison in your body!
There is a lethal amount of poison in your body!
It was a potion of haste.
You feel yourself speed up.
* * * LOW HITPOINT WARNING * * *
You feel very sick.
The kobold hits you with a +0 short sword of venom.
You die...

... ... .
....# #
...(#
#.#.#.#
.#.#.#
....#####.
#K........
#@.# #..#
#.?#
#..#########
#..........#
##.#######.#
#.# #.# #.#


You could see a kobold.

Vanquished Creatures
  A hobgoblin (D:1)
1 creature vanquished.

Notes
Turn   | Place    | Note
-------+----------+-------------------------------------------
     0 | D:1      | qeuew the Barachi Fighter began the quest for the Orb.
     0 | D:1      | Reached XP level 1. HP: 18/18 MP: 1/1
    51 | D:1      | Slain by a kobold

Illustrated notes

Levels and vault maps discovered:
D:1:      dpeg_arrival_pits, layout_loops_ring, minmay_misc_feat_five,
          skrybe_limestone_x, hangedman_abyss_or_decor_lesser_grid,
          serial_bayou_pond_a

Action                     || total
---------------------------++-------
  Melee: Flail             ||     3
Ability: Hop               ||     1
    Use: Potion            ||     1
 Armour: Scale mail        ||     1
  Dodge: Dodged            ||     1

Table legend: (Time is in decaauts)
 A = Elapsed time spent in this place.
 B = Non-inter-level travel time spent in this place.
 C = Inter-level travel time spent in this place.
 D = Time resting spent in this place.
 E = Time spent auto-exploring this place.
 F = Levels seen in this place.
 G = Mean time per level.
                   A        B        C        D        E       F      G
               +--------+--------+--------+--------+--------+-----+--------+
         Total |     61 |     61 |      0 |      0 |     45 |   1 |   61.0 |
       Dungeon |     61 |     61 |      0 |      0 |     45 |   1 |   61.0 |
               +--------+--------+--------+--------+--------+-----+--------+

Top non-repeatable levels by time:
     D:1: 61 daAuts
